 Dungeon Crawl Stone Soup version 0.28-a0-664-gc179e30c89 (webtiles) character file.

Game seed: 10639679954547051895

1441 demibob the Spear-Bearer (level 8, -3/58 HPs)
             Began as a Merfolk Abyssal Knight on Oct 16, 2021.
             Was a Priest of Lugonu.
             Slain by a gnoll shaman (10 damage)
             ... on level 5 of the Dungeon.
             The game lasted 00:08:32 (7277 turns).

demibob the Spear-Bearer (Merfolk Abyssal Knight)   Turns: 7277, Time: 00:08:32

Health: -3/58      AC:  5    Str: 14    XL:     8   Next: 74%
Magic:  12/12      EV: 15    Int: 10    God:    Lugonu [***...]
Gold:   204        SH:  0    Dex: 15    Spells: 7/7 levels left

rFire   + . .      SeeInvis .   a - +2 spear
rCold   . . .      Faith    .   (no shield)
rNeg    . . .      Spirit   .   b - +0 leather armour
rPois   .          Reflect  .   k - +0 helmet
rElec   .          Harm     .   (no cloak)
rCorr   .          Rampage  .   (no gloves)
Will    .....                   l - +0 pair of boots
Stlth   +.........              (no amulet)
HPRegen 0.19/turn               F - ring of protection from fire
MPRegen 0.13/turn               (no ring)

@: no status effects
A: (nimble swimmer 2), mertail
a: Renounce Religion, Depart the Abyss, Bend Space, Banish


You were on level 5 of the Dungeon.
You worshipped Lugonu.
Lugonu was most pleased with you.
You visited 1 branch of the dungeon, and saw 5 of its levels.
You visited the Abyss 1 time.

You collected 204 gold pieces.


Innate Abilities, Weirdness & Mutations

((You are quick and stealthy near water. (Stealth+, EV+, Speed+++)))
Your lower body shifts to a powerful aquatic tail in water.


   Skills:
 - Level 3.2 Fighting
 + Level 11.0 Polearms
 - Level 0.6 Armour
 - Level 7.8 Dodging
 + Level 5.5 Invocations


You had 7 spell levels left.
You didn't know any spells.
Your spell library contained the following spells:

 Spells                   Type           Power      Damage    Failure   Level
 Shock                    Conj/Air       0%         1d3       43%         1
 Ensorcelled Hibernation  Hex/Ice        0%         N/A       58%         2
 Swiftness                Air            0%         N/A       82%         3
 Tukima's Dance           Hex            0%         N/A       82%         3
 Airstrike                Air            0%         N/A       99%         4

Inventory:

Hand Weapons
 a - a +2 spear (weapon)
 e - a +6 scythe of distortion
Armour
 b - a +0 leather armour (worn)
 k - a +0 helmet (worn)
 l - a +0 pair of boots (worn)
Magical Staves
 d - a staff of air {!a}
Jewellery
 F - a ring of protection from fire (left hand)
Scrolls
 c - a scroll of fog
 g - 3 scrolls of teleportation {@r2}
 h - 2 scrolls of identify {@r1}
Potions
 f - a potion of heal wounds {@q2}

Dungeon Overview and Level Annotations

Branches:
Dungeon (5/15)
 Temple: D:4-7

Altars:
Kikubaaqudgha

Annotations:
D:3 1 runed translucent door, Crazy Yiuf
Abyss:1 Pikel

#.# ## #.# ######.#
##.###.##########
.....#.###...##.##...#...#######
####.#.##..............#.......#
##.#.# #...........#...#####.##
##....# ##......................
##.###.# #..##.##########.###..#
...# #.####..##.#### #.........#
.#.###..........@gg# #.........#
.##.....###...####.####.........#
.###.#.5# ##..# #....g.........#
.# #.#..####..#######.#........##
.# #..........##......#........##
.# ###..####..##.######.........#
.# #..# #..##.#########g###..# .#
#..# #.................#..# ##
#..####..##.#######.###.#..#


You could see a gnoll shaman and a gnoll.


Message History

The gnoll closely misses you.
You barely miss the gnoll.
The gnoll is severely wounded.
You barely miss the gnoll.
The gnoll is severely wounded.
The gnoll closely misses you.
You hit the gnoll.
You kill the gnoll!
Lugonu accepts your kill.
You closely miss the gnoll. You hit the gnoll.
The gnoll is heavily wounded.
The gnoll hits you with a +0 flail!
* * * LOW HITPOINT WARNING * * *
You closely miss the gnoll.
The gnoll is heavily wounded.
The gnoll hits you but does no damage.
You puncture the gnoll!
You kill the gnoll!
Lugonu accepts your kill.
Your Polearms skill increases to level 11!
You barely miss the gnoll shaman.
The gnoll shaman hits you with a +0 club.
* * * LOW HITPOINT WARNING * * *
You puncture the gnoll shaman!
The gnoll shaman is moderately wounded.
You hit the gnoll shaman.
The gnoll shaman is heavily wounded.
The gnoll shaman hits you with a +0 club!
You die...

Skill      XL: |  1  2  3  4  5  6  7  8 |
---------------+-------------------------+-----
Dodging        | 3 4 5 6 7 |  7.8
Polearms       | 4 5 6 7 10 11 | 11.0
Invocations    | 5 |  5.5
Fighting       | |  3.2
Armour         | |  0.6

Action                   |  1- 3 |  4- 6 |  7- 9 || total
-------------------------+-------+-------+-------++-------
Melee: Spear             |   152 |   203 |   263 ||   618
Invok: Depart the Abyss  |     1 |       |       ||     1
       Banish            |       |       |     1 ||     1
  Use: Scroll            |     6 |     2 |       ||     8
       Potion            |       |     4 |       ||     4
 Stab: Sleeping          |     1 |     1 |       ||     2
Armor: Leather armour    |    21 |    35 |    27 ||    83
Dodge: Dodged            |    64 |   112 |   105 ||   281

Levels and vault maps discovered:
D:1:      psy_arrival_dodecagon, layout_rooms, minmay_misc_feat_rugged,
          bh_walls_and_bars
D:2:      layout_basic
D:3:      layout_basic, mainiacjoe_overflow_boulevard, uniq_crazy_yiuf_cottage,
          uniq_sigmund, uniq_jessica, uniq_robin
D:4:      layout_layer_cave, roderic_serpentine_path, grunt_decor_clamped
D:5:      layout_loops_ring, uniq_pikel

Notes
Turn   | Place    | Note
-------+----------+-------------------------------------------
     0 | Abyss:1  | demibob the Merfolk Abyssal Knight began the quest for the
                  | Orb.
     0 | Abyss:1  | Reached XP level 1. HP: 18/18 MP: 2/2
    40 | Abyss:1  | Noticed a large abomination
    94 | Abyss:1  | Noticed a raiju
    97 | D:1      | You pass through the gate.
    97 | D:1      | Escaped the Abyss
   127 | D:1      | Reached * piety under Lugonu
   132 | D:1      | Reached skill level 3 in Dodging
   286 | D:1      | Reached XP level 2. HP: 18/24 MP: 3/3
   574 | D:1      | Reached skill level 4 in Polearms
   670 | D:1      | Reached XP level 3. HP: 29/29 MP: 4/4
  1299 | D:2      | Reached skill level 4 in Dodging
  1687 | D:2      | Reached ** piety under Lugonu
  2061 | D:3      | Reached skill level 5 in Polearms
  2061 | D:3      | Reached XP level 4. HP: 12/35 MP: 5/5
  2290 | D:3      | Noticed Jessica
  2296 | D:3      | Killed Jessica
  2297 | D:3      | Reached skill level 5 in Dodging
  2297 | D:3      | Reached XP level 5. HP: 26/41 MP: 6/6
  2604 | D:3      | Noticed Sigmund
  2627 | D:3      | Killed Sigmund
  2628 | D:3      | Reached skill level 6 in Polearms
  2628 | D:3      | Reached skill level 6 in Dodging
  2628 | D:3      | Reached XP level 6. HP: 42/47 MP: 7/7
  2719 | D:3      | Reached skill level 7 in Polearms
  2736 | D:3      | Noticed Robin
  3074 | D:3      | Killed Robin
  3187 | D:3      | Found an ancient bone altar of Kikubaaqudgha.
  3679 | D:3      | Found a runed translucent door.
  3680 | D:3      | Noticed Crazy Yiuf
  3916 | D:4      | Reached *** piety under Lugonu
  3920 | D:4      | Reached skill level 7 in Dodging
  3920 | D:4      | Reached XP level 7. HP: 39/52 MP: 8/8
  4025 | D:4      | Reached skill level 8 in Polearms
  5702 | D:5      | Entered Level 5 of the Dungeon
  5766 | D:5      | Noticed Pikel
  6631 | D:5      | Reached skill level 9 in Polearms
  6631 | D:5      | Reached skill level 3 in Invocations
  6740 | D:5      | Banished Pikel
  6741 | D:5      | Reached skill level 10 in Polearms
  6741 | D:5      | Reached skill level 5 in Invocations
  6741 | D:5      | Reached XP level 8. HP: 16/58 MP: 5/11
  7275 | D:5      | Reached skill level 11 in Polearms
  7277 | D:5      | Slain by a gnoll shaman

Vanquished Creatures
  Sigmund (D:3)
  A sky beast (D:5)
  3 ogres
  4 lemures (D:5)
  A wyvern zombie (D:5)
  2 jellies
  A centaur skeleton (D:4)
  Jessica (D:3)
  An orc wizard (D:4)
  A scorpion zombie (D:5)
  A hound zombie (D:4)
  Robin (D:3)
  8 gnolls
  7 adders
  An adder skeleton (D:4)
  3 worms
  A dart slug (D:1)
  2 orcs (D:4)
  5 ball pythons
  7 bats
  3 endoplasms
  A giant cockroach (D:4)
  19 goblins
  12 hobgoblins
  3 jackals (D:4)
  7 kobolds
  5 quokkas
  2 frilled lizards
  A quokka skeleton (D:4)
  3 rats
108 creatures vanquished.

Vanquished Creatures (others)
  A fungus (D:3)
1 creature vanquished.

Grand Total: 109 creatures vanquished

Table legend: (Time is in decaauts)
 A = Elapsed time spent in this place.
 B = Non-inter-level travel time spent in this place.
 C = Inter-level travel time spent in this place.
 D = Time resting spent in this place.
 E = Time spent auto-exploring this place.
 F = Levels seen in this place.
 G = Mean time per level.
                   A        B        C        D        E       F      G
               +--------+--------+--------+--------+--------+-----+--------+
         Total |   7103 |   6954 |    149 |   2268 |   3621 |   6 | 1183.8 |
       Dungeon |   7006 |   6857 |    149 |   2268 |   3595 |   5 | 1401.2 |
         Abyss |     97 |     97 |      0 |      0 |     26 |   1 |   97.0 |
               +--------+--------+--------+--------+--------+-----+--------+

Top non-repeatable levels by time:
     D:4: 2069 daAuts
     D:3: 1590 daAuts
     D:2: 1333 daAuts
     D:5: 1212 daAuts
     D:1: 799 daAuts
 Abyss:1: 97 daAuts

Table legend:
 A = Non-vault XP
 B = Vault XP
 C = Vault XP percentage of total XP
 D = Non-vault monster count
 E = Vault monster count
 F = Vault count percentage of total count
                 A         B        C        D         E       F
            +---------+---------+-------+---------+---------+-------
      Total |    1102 |     957 |  46.5 |      89 |      16 |  15.2
            +---------+---------+-------+---------+---------+-------
        D:1 |      38 |       0 |   0.0 |      22 |       0 |   0.0
        D:2 |      35 |       0 |   0.0 |      16 |       0 |   0.0
        D:3 |     135 |     306 |  69.4 |      20 |      15 |  42.9
        D:4 |     460 |       0 |   0.0 |      24 |       0 |   0.0
        D:5 |     434 |     651 |  60.0 |       7 |       1 |  12.5
            +---------+---------+-------+---------+---------+-------
